 Dungeon Crawl Stone Soup version 0.28-a0-80-g9707f7362f (webtiles) character file.

Game seed: 18165562215548407409

78 pyrow613 the Skirmisher (level 3, -3/31 HPs)
             Began as a Demigod Fighter on Aug 4, 2021.
             Killed by divine providence
             ... invoked by an orc priest
              (10 damage)
             ... on level 3 of the Dungeon.
             The game lasted 00:02:25 (1766 turns).

pyrow613 the Skirmisher (Demigod Fighter)           Turns: 1766, Time: 00:02:26

Health: -3/31      AC:  6    Str: 21    XL:     3   Next: 94%
Magic:  5/5        EV:  7    Int: 10    God:
Gold:   93         SH:  9    Dex: 13    Spells: 2/2 levels left

rFire   . . .      SeeInvis .   a - +0 war axe
rCold   . . .      Faith    .   c - +0 kite shield
rNeg    . . .      Spirit   .   b - +0 scale mail
rPois   .          Reflect  .   (no helmet)
rElec   .          Harm     .   (no cloak)
rCorr   .          Rampage  .   (no gloves)
Will    .....                   (no boots)
Stlth   ..........              (no amulet)
HPRegen 0.10/turn               (no ring)
MPRegen 0.09/turn               (no ring)

@: no status effects
A: high mp 1, forlorn
a: no special abilities


You were on level 3 of the Dungeon.
You visited 1 branch of the dungeon, and saw 3 of its levels.

You collected 93 gold pieces.

Inventory:

Hand Weapons
 a - a +0 war axe (weapon)
Armour
 b - a +0 scale mail (worn)
 c - a +0 kite shield (worn)
Scrolls
 f - a scroll of teleportation {unknown}
 l - 2 scrolls of identify {unknown}
Potions
 d - 2 potions of might
 e - 2 potions of haste {unknown}
 g - a potion of curing {unknown}
 h - a potion of heal wounds {unknown}
 i - 2 potions of mutation {unknown}
 j - a potion of lignification {unknown}
 k - a potion of resistance {unknown}


   Skills:
 + Level 3.1 Fighting
 * Level 2.8 Axes
 + Level 3.1 Armour
 + Level 3.1 Shields


You had 2 spell levels left.
You didn't know any spells.
Your spell library was empty.

Dungeon Overview and Level Annotations

Branches:
Dungeon (3/15)

Shops:
D:1 [


Innate Abilities, Weirdness & Mutations

Your attributes grow dramatically as you level up.
You have an increased reservoir of magic. (+10% MP)
You shall have no god before yourself.


Message History

The orc wizard is moderately wounded.
The orc wizard hits you with a +0 dagger.
You miss the orc wizard.
The orc wizard is moderately wounded.
The orc wizard barely misses you.
The orc wizard hits you with a +0 dagger.
You bump into the rock wall.
The orc wizard closely misses you.
You're too confused to move!
You feel less confused. You block the orc wizard's attack.
You hit the orc wizard.
The orc wizard is severely wounded.
The orc wizard completely misses you.
You closely miss the orc wizard.
The orc wizard is severely wounded.
The orc wizard hits you but does no damage. x2
You hit the orc wizard.
You kill the orc wizard!
An orc priest comes into view. It is wielding a +0 dagger.
The orc priest shouts!
You hear a shout!
Things that are here:
a +0 dagger; a +0 robe; an orc corpse
Things that are here:
a +0 dagger; a +0 leather armour You barely miss the orc priest.
You block the orc priest's attack.
A kobold comes into view. It is wielding a +0 short sword.
The orc priest calls down the wrath of Beogh upon you.
Pain shoots through your body!
You barely miss the orc priest.
The orc priest mumbles some strange prayers to Beogh against you.
Beogh smites you!
Ouch! That really hurt!
* * * LOW HITPOINT WARNING * * *
You hear a shout!
You slash the orc priest!
The orc priest is severely wounded.
The orc priest barely misses you.
The orc priest calls down the wrath of Beogh upon you.
Beogh smites you!
You die...

#####.###[ ##########
#.........
#.#.#.#.#.#
#.###.####
#.#.#.#.#.## #.#
#.#..#
#.#.#.#.#.###.#
#.#..# #.#.#.#.#....#
#.#... #.#.#.#.....#
#....) #.#)#.#....#
####..
#@#.#.....########
#o#.#.#............
#.#.#.#+...#########
#.#.#.#.#...#########
#K#.#.#
#+............ #.#
#.# #...#......## #.#
#.# #.####......# .#
.# #.# #......# #.#
###.####


You could see an orc priest and a kobold.

Vanquished Creatures
  An orc wizard (D:3)
  2 dart slugs (D:1)
  An orc (D:3)
  2 endoplasms
  2 giant cockroaches
  7 goblins
  5 hobgoblins
  2 quokkas
  5 ball pythons
  3 bats
  3 frilled lizards (D:1)
  6 kobolds
  7 rats
46 creatures vanquished.

Notes
Turn   | Place    | Note
-------+----------+-------------------------------------------
     0 | D:1      | pyrow613 the Demigod Fighter began the quest for the Orb.
     0 | D:1      | Reached XP level 1. HP: 18/18 MP: 3/3
   313 | D:1      | Reached XP level 2. HP: 25/25 MP: 4/4
   486 | D:1      | Found Vyida's Antique Armour Shop.
  1176 | D:2      | Reached XP level 3. HP: 27/30 MP: 5/5
  1766 | D:3      | Killed from afar by an orc priest

Illustrated notes

Levels and vault maps discovered:
D:1:      erik_arrival_orb_chamber, layout_loops_corners,
          hellmonk_ecumenical_altar_blasted, serial_shops, shop_statue
D:2:      layout_rooms, basic_altar, minmay_pentomino_r2
D:3:      layout_basic

Skill      XL: |  1  2  3 |
---------------+----------+-----
Axes           | 2 |  2.8
Armour         | 3 |  3.1
Shields        | 3 |  3.1
Fighting       | 3 |  3.1

Action                   || total
-------------------------++-------
Melee: War axe           ||   132
Armor: Scale mail        ||    49
Dodge: Dodged            ||    42
Block: Kite shield       ||    66

Table legend: (Time is in decaauts)
 A = Elapsed time spent in this place.
 B = Non-inter-level travel time spent in this place.
 C = Inter-level travel time spent in this place.
 D = Time resting spent in this place.
 E = Time spent auto-exploring this place.
 F = Levels seen in this place.
 G = Mean time per level.
                   A        B        C        D        E       F      G
               +--------+--------+--------+--------+--------+-----+--------+
         Total |   1847 |   1797 |     50 |      0 |   1452 |   3 |  615.7 |
       Dungeon |   1847 |   1797 |     50 |      0 |   1452 |   3 |  615.7 |
               +--------+--------+--------+--------+--------+-----+--------+

Top non-repeatable levels by time:
     D:1: 1081 daAuts
     D:2: 671 daAuts
     D:3: 95 daAuts
